 Dungeon Crawl Stone Soup version 0.21.1-1-g345015fe64 (webtiles) character file.

282 Nattfarinn the Shield-Bearer (level 6, 0/53 HPs)
             Began as a Gnoll Fighter on May 6, 2018.
             Slain by Pikel
             ... wielding a +2 whip of electrocution
              (19 damage)
             ... on level 4 of the Dungeon.
             The game lasted 00:04:07 (2858 turns).

Nattfarinn the Shield-Bearer (Gnoll Fighter)        Turns: 2858, Time: 00:04:08

Health: 0/53       AC:  9    Str: 21    XL:     6   Next: 28%
Magic:  8/8        EV:  9    Int: 10    God:
Gold:   229        SH: 11    Dex: 14    Spells: 8/8 levels left

rFire    . . .     SeeInvis .   a - +0 war axe
rCold    . . .     Gourm    .   c - +0 shield
rNeg     . . .     Faith    .   b - +0 scale mail
rPois    .         Spirit   .   u - +0 helmet
rElec    .         Reflect  .   (no cloak)
rCorr    .         Harm     .   (no gloves)
MR       .....                  (no boots)
Stlth    +.........             (no amulet)
HPRegen  0.17/turn              (no ring)
MPRegen  0.11/turn              (no ring)

@: no status effects
A: distributed training, fangs 1, strong nose
a: no special abilities


You were on level 4 of the Dungeon.
You were very hungry.

You visited 1 branch of the dungeon, and saw 4 of its levels.

You collected 229 gold pieces.

Inventory:

Hand Weapons
 a - a +0 war axe (weapon)
Armour
 b - a +0 scale mail (worn)
 c - a +0 shield (worn)
 u - a +0 helmet (worn)
Magical Staves
 h - an uncursed staff of summoning
Jewellery
 i - an uncursed amulet of faith
Scrolls
 e - a scroll of amnesia
 g - 4 scrolls of remove curse
 j - a scroll of blinking {unknown}
 l - a scroll of enchant armour {unknown}
 p - a scroll of teleportation {unknown}
 q - 2 scrolls of identify {unknown}
 t - a scroll of immolation {unknown}
Potions
 d - a potion of might
 k - a potion of haste {unknown}
 m - 4 potions of curing
 n - a potion of degeneration {unknown}
 o - a potion of invisibility {unknown}
 r - a potion of heal wounds {unknown}
 s - a potion of lignification {unknown}
Comestibles
 f - 6 rations


   Skills:
 + Level 6.8 Fighting
 + Level 1.8 Short Blades
 + Level 1.8 Long Blades
 + Level 4.9 Axes
 + Level 1.8 Maces & Flails
 + Level 1.8 Polearms
 + Level 1.8 Staves
 + Level 1.8 Slings
 + Level 1.8 Bows
 + Level 1.8 Crossbows
 + Level 1.8 Throwing
 + Level 6.8 Armour
 + Level 1.8 Dodging
 + Level 1.8 Stealth
 + Level 6.8 Shields
 + Level 1.8 Unarmed Combat
 + Level 1.8 Spellcasting
 + Level 1.4 Conjurations
 + Level 1.4 Hexes
 + Level 1.4 Charms
 + Level 1.4 Summonings
 + Level 1.4 Necromancy
 + Level 1.4 Translocations
 + Level 1.4 Transmutations
 + Level 1.4 Fire Magic
 + Level 1.4 Ice Magic
 + Level 1.4 Air Magic
 + Level 1.4 Earth Magic
 + Level 1.4 Poison Magic
 + Level 2.0 Invocations
 + Level 1.8 Evocations


You had 8 spell levels left.
You didn't know any spells.

Dungeon Overview and Level Annotations

Branches:
Dungeon (4/15)
 Temple: D:4-7

Altars:
Kikubaaqudgha
Zin

Annotations:
D:4 Pikel


Innate Abilities, Weirdness & Mutations

Your experience applies equally to all skills.
You have very sharp teeth.
Your uncanny sense of smell can sniff out nearby items.


Message History

Pikel is heavily wounded.
Pikel hits you with a whip of electrocution.
Pikel hits you but does no damage.
You hit Pikel. You bite Pikel, but do no damage.
Pikel is heavily wounded.
You hit the slave. The slave hits you but does no damage.
Pikel barely misses you. You block the slave's attack.
You closely miss Pikel.
Pikel is heavily wounded.
You hit the slave but do no damage. You block Pikel's attack.
You block the slave's attack.
You closely miss Pikel.
Pikel is heavily wounded.
You hit the slave but do no damage. Pikel completely misses you.
The slave barely misses you. Pikel closely misses you.
You hit Pikel but do no damage.
Pikel is heavily wounded.
You barely miss the slave. The slave closely misses you.
Pikel hits you but does no damage.
You are electrocuted!
You die...

#...#....
#.......###
#....#....#### #
#....#....+..#
##.#.........##.#
.............##.#
.......p.....##.####
...#+#K#.(........#
. #@#.....#.##.# #
#.p........#.#
..#####....#.#.#
............^#.#
.........#.#...#
...........#.#######
∆
....(...##.#........
........##.#########
..#........# #


You could see Pikel and 2 slaves.

Vanquished Creatures
  An ice beast (D:3)
  A centaur skeleton (D:4)
  An iguana (D:4)
  4 gnolls (D:3)
  2 adders
  2 worms (D:2)
  4 dart slugs
  3 leopard geckos
  4 orcs (D:3)
  3 giant cockroaches
  3 hobgoblins (D:2)
  7 jackals
  A ball python (D:2)
  A bat (D:1)
  7 frilled lizards
  5 goblins
  7 kobolds
  7 rats
  2 fungi (D:2)
65 creatures vanquished.

Vanquished Creatures (others)
  A fungus (D:2)
1 creature vanquished.

Grand Total: 66 creatures vanquished

Notes
Turn   | Place    | Note
-------+----------+-------------------------------------------
     0 | D:1      | Nattfarinn the Gnoll Fighter began the quest for the Orb.
     0 | D:1      | Reached XP level 1. HP: 23/23 MP: 1/1
    98 | D:1      | Reached XP level 2. HP: 29/29 MP: 2/2
   354 | D:1      | Reached XP level 3. HP: 26/35 MP: 3/3
  1215 | D:2      | Reached skill level 1 in Invocations
  1256 | D:2      | Reached skill level 1 in Short Blades
  1256 | D:2      | Reached skill level 1 in Long Blades
  1256 | D:2      | Reached skill level 1 in Maces & Flails
  1256 | D:2      | Reached skill level 1 in Polearms
  1256 | D:2      | Reached skill level 1 in Staves
  1256 | D:2      | Reached skill level 1 in Slings
  1256 | D:2      | Reached skill level 1 in Bows
  1256 | D:2      | Reached skill level 1 in Crossbows
  1256 | D:2      | Reached skill level 1 in Throwing
  1256 | D:2      | Reached skill level 1 in Dodging
  1256 | D:2      | Reached skill level 1 in Stealth
  1256 | D:2      | Reached skill level 1 in Unarmed Combat
  1256 | D:2      | Reached skill level 1 in Spellcasting
  1256 | D:2      | Reached skill level 1 in Evocations
  1292 | D:2      | Reached XP level 4. HP: 41/41 MP: 5/5
  1480 | D:2      | Found a glowing silver altar of Zin.
  1481 | D:2      | Found an ancient bone altar of Kikubaaqudgha.
  1801 | D:3      | Found a faded altar of an unknown god.
  1951 | D:3      | Reached skill level 1 in Conjurations
  1951 | D:3      | Reached skill level 1 in Hexes
  1951 | D:3      | Reached skill level 1 in Charms
  1951 | D:3      | Reached skill level 1 in Summonings
  1951 | D:3      | Reached skill level 1 in Necromancy
  1951 | D:3      | Reached skill level 1 in Translocations
  1951 | D:3      | Reached skill level 1 in Transmutations
  1951 | D:3      | Reached skill level 1 in Fire Magic
  1951 | D:3      | Reached skill level 1 in Ice Magic
  1951 | D:3      | Reached skill level 1 in Air Magic
  1951 | D:3      | Reached skill level 1 in Earth Magic
  1951 | D:3      | Reached skill level 1 in Poison Magic
  1963 | D:3      | Reached XP level 5. HP: 42/47 MP: 6/6
  2326 | D:3      | Noticed an ice beast
  2333 | D:3      | Killed an ice beast
  2333 | D:3      | Reached XP level 6. HP: 53/53 MP: 8/8
  2841 | D:4      | Noticed a slave
  2842 | D:4      | Noticed a slave
  2843 | D:4      | Noticed Pikel
  2846 | D:4      | Noticed a slave
  2858 | D:4      | Slain by Pikel

Skill      XL: |  1  2  3  4  5  6 |
---------------+-------------------+-----
Invocations    | 1 2 |  2.0
Short Blades   | 1 |  1.8
Long Blades    | 1 |  1.8
Maces & Flails | 1 |  1.8
Polearms       | 1 |  1.8
Staves         | 1 |  1.8
Slings         | 1 |  1.8
Bows           | 1 |  1.8
Crossbows      | 1 |  1.8
Throwing       | 1 |  1.8
Dodging        | 1 |  1.8
Stealth        | 1 |  1.8
Unarmed Combat | 1 |  1.8
Spellcasting   | 1 |  1.8
Evocations     | 1 |  1.8
Conjurations   | 1 |  1.4
Hexes          | 1 |  1.4
Charms         | 1 |  1.4
Summonings     | 1 |  1.4
Necromancy     | 1 |  1.4
Translocations | 1 |  1.4
Transmutations | 1 |  1.4
Fire Magic     | 1 |  1.4
Ice Magic      | 1 |  1.4
Air Magic      | 1 |  1.4
Earth Magic    | 1 |  1.4
Poison Magic   | 1 |  1.4
Fighting       | |  6.8
Axes           | |  4.9
Armour         | |  6.8
Shields        | |  6.8

Action                   |  1- 3 |  4- 6 || total
-------------------------+-------+-------++-------
Melee: War axe           |    94 |   105 ||   199
       Bite              |    13 |    13 ||    26
       Staff             |     9 |       ||     9
  Use: Scroll            |       |     2 ||     2
       Potion            |       |     1 ||     1
  Eat: Chunk             |     1 |     4 ||     5
Armor: Scale mail        |    44 |    24 ||    68
Dodge: Dodged            |    27 |    37 ||    64
Block: Shield            |    65 |    59 ||   124
